 Dungeon Crawl Stone Soup version 0.30-a0-937-ga0a21ad780 (webtiles) character file.

Game seed: 16588537068112468475

49 iguanaiguana the Vexing (level 4, -2/32 HPs)
             Began as a Formicid Hexslinger on Mar 24, 2023.
             Was an Initiate of Cheibriados.
             Slain by a gnoll
             ... wielding a +0 flail
              (10 damage)
             ... on level 2 of the Dungeon.
             The game lasted 00:07:30 (1505 turns).

iguanaiguana the Vexing (Formicid Hexslinger)       Turns: 1505, Time: 00:07:31

Health: -2/32      AC:  2    Str: 13 (15) XL:     4   Next: 2%
Magic:  1/5        EV: 12    Int: 11 (14) God:    Cheibriados [......]
Gold:   36         SH:  0    Dex: 15 (17) Spells: 4/5 levels left

rFire   . . .      SeeInvis +    b - +1 whip
rCold   . . .      Faith    .    (no shield)
rNeg    . . .      Spirit   .    c - +0 robe
rPois   .          Reflect  .    (helmet unavailable)
rElec   .          Rampage  .    (no cloak)
rCorr   .                        (no gloves)
Will    .....                    (no boots)
Stlth   ++                       (no amulet)
HPRegen 0.25/turn                (no ring)
MPRegen 0.09/turn                (no ring)

@: weak-willed, very slightly contaminated, very slow
A: permanent stasis, dig shafts and tunnels, antennae 3, four strong arms
a: Dig, Shaft Self, Renounce Religion


You were on level 2 of the Dungeon.
You worshipped Cheibriados.
Cheibriados was noncommittal.
You visited 1 branch of the dungeon, and saw 2 of its levels.

You collected 36 gold pieces.

Inventory:

Hand Weapons
 a - a +1 sling
 b - a +1 whip (weapon)
Armour
 c - a +0 robe (worn)
 h - a scarf of harm
Scrolls
 d - a scroll of enchant weapon
 f - a scroll of vulnerability
 j - a scroll of teleportation {@r3}


   Skills:
 - Level 1.1 Fighting
 + Level 3.1 Ranged Weapons
 - Level 1.7 Dodging
 - Level 3.0 Stealth
 - Level 1.1 Spellcasting
 - Level 3.6 Hexes


You had 4 spell levels left.
You knew the following spells:

 Your Spells              Type           Power      Damage    Failure   Level
a - Slow                  Hex            32%        N/A       8%          1

Your spell library contained the following spells:

 Spells                   Type           Power      Damage    Failure   Level
 Inner Flame              Hex/Fire       4%         N/A       41%         3
 Portal Projectile        Hex/Tloc       8%         N/A       41%         3
 Cause Fear               Hex            4%         N/A       58%         4


Dungeon Overview and Level Annotations

Branches:
Dungeon (2/15) Zot: 15783

Altars:
Cheibriados

Shops:
D:1 (


Innate Abilities, Weirdness & Mutations

You cannot be hasted, slowed, berserked, paralysed or teleported.
You can dig through walls and to a lower floor.
You have a pair of large antennae on your head. (SInv)
Your four strong arms can wield two-handed weapons with a shield.


Message History

It is a scroll of enchant weapon.
Your +0 whip glows red for a moment.
As you read the scroll labelled ZOIHED WOT, it crumbles to dust.
Magic quickly surges around you.
It was a scroll of vulnerability.
The gnoll is no longer moving slowly.
The gnoll hits you with a +0 flail.
As you read the scroll labelled KEMISI FEMOCOS, it crumbles to dust.
You feel a strange sense of stasis.
It was a scroll of teleportation.
The gnoll hits you with a +0 flail.
* * * LOW HITPOINT WARNING * * *
You aren't carrying any potions.
Okay, then.
As you read the scroll labelled UPAHIE OM IRIFUJ, it crumbles to dust.
Your stasis prevents you from teleporting.
It was a scroll of blinking.
The gnoll attacks as you move away!
You hit the gnoll.
The gnoll is heavily wounded.
Casting: Slow (safe; 8% risk of failure)
Confirm with . or Enter, or press ? or * to list all spells.
Aiming: Slow (safe; 8% risk of failure)
Press: ? - help, Shift-Dir - straight line, f/p - gnoll
Aim: a gnoll, wielding a +0 flail (heavily wounded, weak-willed, chance to affect: 54%)
The gnoll resists with significant effort.
Casting: Slow (safe; 8% risk of failure)
Confirm with . or Enter, or press ? or * to list all spells.
Aiming: Slow (safe; 8% risk of failure)
Press: ? - help, Shift-Dir - straight line, f/p - gnoll
Aim: a gnoll, wielding a +0 flail (heavily wounded, weak-willed, chance to affect: 54%)
You miscast Slow.
You are very lightly contaminated with residual magic.
Nothing appears to happen.
The gnoll hits you with a +0 flail.
* * * LOW HITPOINT WARNING * * *
Casting: Slow (safe; 8% risk of failure)
Confirm with . or Enter, or press ? or * to list all spells.
Aiming: Slow (safe; 8% risk of failure)
Press: ? - help, Shift-Dir - straight line, f/p - gnoll
Aim: a gnoll, wielding a +0 flail (heavily wounded, weak-willed, chance to affect: 54%)
The gnoll resists with significant effort.
The gnoll hits you with a +0 flail!
You die...

g# .########## {
............ #.#
#......
#######.####......
#@g...........#...
#.###...#### #.##
###.###...# #.#
#...#.....### #..
#.##>.......###....
#.#######..........
#.# ###.†...... #.#
##....... #.#
.......


You could see a gnoll (weak-willed).

Vanquished Creatures
  An adder (D:2)
  A worm (D:2)
  A dart slug (D:2)
  An orc (D:1)
  2 endoplasms (D:2)
  2 giant cockroaches (D:2)
  A goblin (D:1)
  2 hobgoblins (D:2)
  4 jackals (D:1)
  A quokka (D:1)
  7 ball pythons
  4 bats
  2 frilled lizards (D:2)
  3 kobolds
  A rat (D:1)
33 creatures vanquished.

Notes
Turn   | Place    | Note
-------+----------+-------------------------------------------
     0 | D:1      | iguanaiguana the Formicid Hexslinger began the quest for
                  | the Orb.
     0 | D:1      | Reached XP level 1. HP: 15/15 MP: 2/2
    50 | D:1      | Reached skill level 1 in Stealth
   154 | D:1      | Reached XP level 2. HP: 18/21 MP: 0/3
   303 | D:1      | Found Vueres's Antique Weapon Shop.
   496 | D:1      | Found a faded altar of an unknown god.
   897 | D:2      | Reached XP level 3. HP: 18/26 MP: 2/4
  1219 | D:2      | Found a snail-covered altar of Cheibriados.
  1231 | D:2      | Became a worshipper of Cheibriados the Contemplative
  1431 | D:2      | Reached XP level 4. HP: 16/32 MP: 3/5
  1505 | D:2      | Slain by a gnoll

Illustrated notes

Levels and vault maps discovered:
D:1:      lightli_arrival_statue_moat, layout_rooms,
          dreamdust_ecumenical_altar_sealed_demon, serial_shops, shop,
          chequers_arboretum, minmay_misc_feat_chi
D:2:      layout_basic, basic_altar, minmay_fountain_box

Skill      XL: |  1  2  3 |
---------------+----------+-----
Stealth        | 2 3 |  3.0
Ranged Weapons | 3 |  3.1
Fighting       | |  1.1
Dodging        | |  1.7
Spellcasting   | |  1.1
Hexes          | |  3.6

Action                     |  1- 3 |  4- 6 || total
---------------------------+-------+-------++-------
  Melee: Whip              |    53 |     3 ||    56
         Punch             |     2 |       ||     2
   Fire: Sling             |    96 |       ||    96
   Cast: Slow              |    21 |     5 ||    26
    Use: Scroll            |     1 |     4 ||     5
         Potion            |       |     4 ||     4
 Armour: Robe              |    13 |     1 ||    14
  Dodge: Dodged            |    60 |     7 ||    67

Table legend: (Time is in decaauts)
 A = Elapsed time spent in this place.
 B = Non-inter-level travel time spent in this place.
 C = Inter-level travel time spent in this place.
 D = Time resting spent in this place.
 E = Time spent auto-exploring this place.
 F = Levels seen in this place.
 G = Mean time per level.
                   A        B        C        D        E       F      G
               +--------+--------+--------+--------+--------+-----+--------+
         Total |   1588 |   1497 |     91 |     72 |    746 |   2 |  794.0 |
       Dungeon |   1588 |   1497 |     91 |     72 |    746 |   2 |  794.0 |
               +--------+--------+--------+--------+--------+-----+--------+

Top non-repeatable levels by time:
     D:1: 821 daAuts
     D:2: 766 daAuts
